 Dungeon Crawl Stone Soup version 0.31.0-32-g396128a36d (webtiles) character file.

Game seed: 15575808485569355154

18056 mainiacjoe the Covert (level 12, -5/87 HPs)
             Began as an Octopode Air Elementalist on Apr 5, 2024.
             Was an Initiate of Gozag.
             Slain by a gargoyle
             ... wielding a +0 flail
              (23 damage)
             ... on level 11 of the Dungeon on Apr 6, 2024.
             The game lasted 00:53:45 (17025 turns).

mainiacjoe the Covert (Octopode Air Elementalist)  Turns: 17025, Time: 00:53:48

Health: -5/87      AC:  3    Str:  7    XL:     12   Next: 54%
Magic:  17/31      EV: 16    Int: 23    God:    Gozag
Gold:   1692       SH:  0    Dex: 12    Spells: 0/25 levels left

rFire   + + .        a - +7 great sword of Havoc {pain, rF+ rN+}
rCold   . . .        (shield currently unavailable)
rNeg    + + +        Q - +2 hat {Gastronok}
rPois   .            i - amulet of the acrobat
rElec   .            o - ring of positive energy
rCorr   .            t - ring of positive energy
SInv    .            y - ring of protection from fire
Will    .....        P - ring of magical power
Stlth   +++++        (no ring)
HPRegen 0.34/turn    (no ring)
MPRegen 0.22/turn    (no ring)
                     (no ring)

%: acrobat
@: marked
A: almost no armour, amphibious, 8 rings, camouflage 1, gelatinous body 1,
(nimble swimmer 1), tentacles
a: Renounce Religion, Potion Petition, Call Merchant, Bribe Branch


You were on level 11 of the Dungeon.
You worshipped Gozag.
Gozag was most pleased with you.
You visited 2 branches of the dungeon, and saw 12 of its levels.
You also visited: Sewer and Bailey.

You collected 1789 gold pieces.
You paid 97 gold pieces to Gozag.

Inventory:

Hand Weapons
 a - the +7 great sword of Havoc (weapon) {pain, rF+ rN+}
   (You found it on level 2 of the Dungeon)

   rF+:       It protects you from fire.
   rN+:       It protects you from negative energy.
 b - a +0 heavy orcbow
 c - a +0 dagger
 f - a +1 sling
 j - a +0 short sword of flaming
 k - a +0 rapier
 w - a +2 dire flail of protection
 A - a +2 halberd
 F - a +2 short sword of freezing
 I - a +0 scimitar of venom
 K - a +1 quarterstaff of pain
Missiles
 e - 101 stones
 q - 3 throwing nets {=F}
 r - 12 boomerangs
 B - 25 poisoned darts
 G - 4 curare-tipped darts {=F}
Armour
 Q - a +2 hat (worn) {Gastronok}
Magical Staves
 g - a staff of death
 v - a staff of earth
Jewellery
 i - an amulet of the acrobat (around mantle)
 o - a ring of positive energy (left tentacle)
 t - a ring of positive energy (right tentacle)
 y - a ring of protection from fire (on tentacle)
 P - a ring of magical power (on tentacle)
Wands
 m - a wand of acid (5)
 u - a wand of iceblast (19)
 E - a wand of paralysis (7)
 M - a wand of digging (5)
 N - a wand of polymorph (5)
 O - a wand of flame (7)
Scrolls
 l - 2 scrolls of butterflies
 p - a scroll of torment
 C - 2 scrolls of teleportation
 J - a scroll of enchant weapon
Potions
 d - 3 potions of attraction
 h - a potion of magic
 n - 4 potions of curing
 s - a potion of haste
 x - 2 potions of mutation {unknown}
 z - 5 potions of heal wounds
 D - a potion of enlightenment {unknown}
 H - 4 potions of invisibility
 L - 2 potions of degeneration {unknown}


   Skills:
 - Level 10.0 Fighting
 + Level 9.2 Dodging
 - Level 10.0 Stealth
 - Level 7.0 Spellcasting
 - Level 6.0 Conjurations
 - Level 4.0 Summonings
 - Level 10.0 Air Magic


You couldn't memorise any spells.
You knew the following spells:

 Your Spells              Type           Power      Damage    Failure   Level
a - Shock                 Conj/Air       100%       1d9       1%          1
b - Arcjolt               Conj/Air       22%        1d32      8%          5
c - Summon Lightning Spi  Summ/Air       40%        N/A       4%          4
d - Airstrike             Air            26%        2d(4-20)  1%          4
e - Static Discharge      Conj/Air       88%        3-7/arc   1%          2
k - Blink                 Tloc           16%        N/A       12%         2
v - Vhi's Electric Charg  Tloc/Air       62%        N/A       10%         4
w - Swiftness             Air            52%        N/A       1%          3

Your spell library contained the following spells:

 Spells                   Type           Power      Damage    Failure   Level
 Momentum Strike          Conj/Tloc      42%        3d9       3%          2
 Necrotise                Necr           32%        1d5       8%          1
 Ensorcelled Hibernation  Hex/Ice        16%        N/A       12%         2
 Lesser Beckoning         Tloc           16%        N/A       12%         2
 Fugue of the Fallen      Necr           8%         N/A       22%         3
 Vampiric Draining        Necr           8%         2d6       22%         3
 Martyr's Knell           Necr/Summ      17%        N/A       32%         4
 Anguish                  Hex/Necr       4%         N/A       58%         4
 Cause Fear               Hex            4%         N/A       58%         4
 Curse of Agony           Necr           8%         N/A       91%         5
 Lee's Rapid Deconstruct  Erth           4%         3d5*      91%         5
 Enfeeble                 Hex            4%         N/A       100%        7
 Maxwell's Capacitive Co  Air            26%        ∞         100%        8
 Animate Armour           Summ/Erth      Unusable   N/A       N/A         4

Dungeon Overview and Level Annotations

Branches:
Dungeon (11/15)            Temple (1/1) D:6            Lair (0/5) D:11
  Sewer (visited)          Bailey (visited)
    Orc: D:9-12

Altars:
Ashenzari
Cheibriados
Dithmenos
Elyvilon
Fedhas
Gozag
Hepliaklqana
Kikubaaqudgha
Makhleb
Nemelex Xobeh
Okawaru
Qazlal
Ru
Sif Muna
Trog
Uskayaw
Vehumet
Wu Jian
Xom
Yredelemnul
Zin
The Shining One

Shops:
D:8 =

Annotations:
D:7 Maurice
D:9 exclusions: upstairs and 1 more exclusion


Innate Abilities, Weirdness & Mutations

You cannot wear most types of armour.
You are amphibious.
You can wear up to eight rings at the same time.
Your skin changes colour to match your surroundings (Stealth+).
Your rubbery body absorbs attacks. (AC +1, EV +1)
((You are camouflaged when in or above water. (Stealth+)))
You have tentacles for arms and can constrict up to eight enemies at once.


Message History

Aiming: Airstrike (mildly dangerous; 1% risk of failure)
Press: ? - help, Dir - move target, f/p - gargoyle
Aim: a gargoyle, wielding a +0 flail (lightly damaged, empty space bonus: 4/8)
The air twists around and strikes the gargoyle!
The gargoyle is heavily damaged.
Casting: Airstrike (mildly dangerous; 1% risk of failure)
Confirm with . or Enter, or press ? or * to list all spells.
Aiming: Airstrike (mildly dangerous; 1% risk of failure)
Press: ? - help, Dir - move target, f/p - gargoyle
Aim: a gargoyle, wielding a +0 flail (heavily damaged, empty space bonus: 6/8)
The air twists around and strikes the gargoyle.
The gargoyle is heavily damaged.
Casting: Airstrike (mildly dangerous; 1% risk of failure)
Confirm with . or Enter, or press ? or * to list all spells.
Aiming: Airstrike (mildly dangerous; 1% risk of failure)
Press: ? - help, Dir - move target, f/p - gargoyle
Aim: a gargoyle, wielding a +0 flail (heavily damaged, empty space bonus: 7/8)
The air twists around and strikes the gargoyle.
The gargoyle is heavily damaged.
Something hits you!
Deactivating autopickup; reactivate with Ctrl-A.
Casting: Airstrike (mildly dangerous; 1% risk of failure)
Confirm with . or Enter, or press ? or * to list all spells.
You can't see any susceptible monsters within range! (Use Z to cast anyway.)
You slash something! Something barely misses you. Something hits you!
Found 11 gold pieces.
The gargoyle misses you.
You hit the gargoyle but do no damage. Your grab misses the gargoyle.
The gargoyle is heavily damaged.
Something hits you.
The gargoyle hurls a stone arrow at you.
The stone arrow hits you!! Something hits you!
The gargoyle hurls a stone arrow at you.
The stone arrow misses you.
You slash the gargoyle! Your grab misses the gargoyle.
The gargoyle is almost destroyed.
Something hits you! The gargoyle hits you with a +0 flail!
* * * LOW HITPOINT WARNING * * *
Something barely misses you. The gargoyle hits you with a +0 flail!!
You die...
Your body crumbles into a pile of gold.

##...........
#.............. .~#
##....#.#...#.#....##
#.......##.#........#
#.......#...###....~#
#......#.....#.?....##
##........>.....#....##
.#.....#.....$........#
#..[#.#.#...# #.@9.#...
##.....###.## #.....#
#......#...###.....#
#..)).............##
##~.......~.....###
##.............#
##..).......###
#.#......#.#
####...##........


You could see a gargoyle.

Vanquished Creatures
  4 two-headed ogres
  Sonja (D:10)
  An ugly thing (D:7)
  A cyclops (D:7)
  Jeremiah (D:6)
  A rime drake (D:11)
  2 komodo dragons
  Psyche (D:9)
  A troll (D:10)
  A polar bear (D:11)
  2 hornets
  3 spriggans (Bailey)
  A wyvern (D:10)
  7 yaks
  A vampire (D:10)
  A warg (D:11)
  3 steam dragons
  Menkaure (D:7)
  2 swamp worms (D:8)
  Edmund (D:6)
  A water moccasin (D:7)
  5 orc warriors
  5 ice beasts
  2 black bears
  6 ogres
  A wolf (D:11)
  2 sky beasts (D:7)
  5 centaurs
  3 lemures (D:8)
  2 kobold brigands
  2 phantoms
  9 bullfrogs
  A gnoll sergeant (D:9)
  5 scorpions
  A wight (D:7)
  6 killer bees
  2 howler monkeys
  2 bombardier beetles
  4 hounds
  4 jellies
  8 orc priests
  Jessica (D:2)
  6 iguanas
  2 sleepcaps
  10 orc wizards
  9 gnolls
  18 adders
  3 shadow imps
  3 white imps
  2 ufetubi (D:5)
  10 dart slugs
  36 orcs
  13 ball pythons
  10 endoplasms
  16 giant cockroaches
  6 goblins
  6 hobgoblins
  A quokka (D:5)
  2 bats (D:1)
  7 frilled lizards
  18 kobolds
  6 rats
297 creatures vanquished.

Vanquished Creatures (collateral kills)
  Gastronok (D:9)
  A two-headed ogre (D:9)
  An orc knight (D:11)
  2 trolls (D:11)
  A wyvern (D:10)
  3 yaks
  3 spriggans (Bailey)
  An acid dragon (Bailey)
  An orc warrior (D:11)
  A wolf (D:11)
  3 ogres (Bailey)
  A kobold brigand (D:10)
  2 orcs (D:9)
  2 kobolds (D:10)
23 creatures vanquished.

Grand Total: 320 creatures vanquished

Notes
Turn   | Place    | Note
-------+----------+-------------------------------------------
     0 | D:1      | mainiacjoe the Octopode Air Elementalist began the quest
                  | for the Orb.
     0 | D:1      | Reached XP level 1. HP: 11/11 MP: 3/3
   230 | D:1      | Reached XP level 2. HP: 17/17 MP: 1/5
   233 | D:1      | Learned a level 2 spell: Static Discharge
   839 | D:1      | Reached XP level 3. HP: 21/21 MP: 4/6
   844 | D:1      | Learned a level 3 spell: Swiftness
  1410 | D:2      | Identified the +7 great sword of Havoc {pain, rF+ rN+}
  1598 | D:2      | Noticed Jessica
  1607 | D:2      | Killed Jessica
  1736 | D:2      | Reached XP level 4. HP: 27/27 MP: 5/7
  1853 | D:3      | Found a glowing drain.
  1897 | Sewer    | Entered a sewer
  2410 | Sewer    | Reached XP level 5. HP: 25/31 MP: 3/9
  2843 | Sewer    | Learned a level 4 spell: Airstrike
  3122 | Sewer    | Reached XP level 6. HP: 29/36 MP: 6/10
  3124 | Sewer    | Reached skill level 5 in Air Magic
  3212 | D:3      | You fall into a shaft and drop 2 floors!
  3212 | D:5      | Entered Level 5 of the Dungeon
  3307 | D:4      | Found a glowing golden altar of the Shining One.
  3419 | D:4      | Reached XP level 7. HP: 41/41 MP: 7/11
  3803 | D:3      | Found a white marble altar of Elyvilon.
  3803 | D:3      | Found a bloodstained altar of Trog.
  4346 | D:4      | Identified the +1 robe of the Sacrificial Victim {rElec
                  | rCorr}
  4693 | D:4      | Reached XP level 8. HP: 46/46 MP: 3/12
  4931 | D:4      | Reached skill level 1 in Fighting
  6188 | D:5      | Reached skill level 5 in Stealth
  6188 | D:5      | Reached XP level 9. HP: 58/58 MP: 10/15
  6188 | D:5      | Found a blossoming altar of Fedhas.
  6307 | D:5      | Found a broken altar of Ashenzari.
  6432 | D:6      | Noticed Jeremiah
  6435 | D:6      | Killed Jeremiah
  6436 | D:6      | Reached skill level 5 in Fighting
  6615 | D:6      | Reached skill level 5 in Dodging
  6997 | D:6      | Found a staircase to the Ecumenical Temple.
  7005 | Temple   | Entered the Ecumenical Temple
  7081 | D:6      | Noticed Edmund
  7103 | D:6      | Killed Edmund
  7225 | D:6      | Found a hide-covered altar of Uskayaw.
  7329 | D:6      | Found an ornate altar of the Wu Jian Council.
  7554 | D:7      | Identified the +0 ring mail of Dim Light {rC+}
  7848 | D:7      | Noticed Menkaure
  7852 | D:7      | Killed Menkaure
  8417 | D:7      | Reached XP level 10. HP: 69/69 MP: 11/16
  8902 | D:7      | Noticed a kobold demonologist
  8904 | D:7      | Noticed a two-headed ogre
  9073 | D:7      | Killed a two-headed ogre
  9221 | D:7      | Noticed a purple ugly thing
  9253 | D:7      | Killed a purple ugly thing
  9386 | D:7      | Reached skill level 10 in Stealth
  9546 | D:7      | Noticed Maurice
  9691 | Temple   | Became a worshipper of Gozag Ym Sagoz the Greedy
  9959 | D:7      | Noticed a cyclops
 10745 | D:8      | Found a shadowy altar of Dithmenos.
 10778 | D:8      | Found a shimmering blue altar of Sif Muna.
 11015 | D:8      | Found Plog's Jewellery Shoppe.
 11145 | D:7      | Learned a level 4 spell: Vhi's Electric Charge
 11608 | D:7      | Killed a cyclops
 11609 | D:7      | Reached XP level 11. HP: 73/80 MP: 0/17
 11962 | D:8      | Found an iron altar of Okawaru.
 11967 | D:8      | Found a snail-covered altar of Cheibriados.
 12594 | D:9      | Found an ancient bone altar of Kikubaaqudgha.
 12663 | D:9      | Found a flagged portal.
 12805 | Bailey   | Entered a bailey
 12863 | Bailey   | Learned a level 4 spell: Summon Lightning Spire
 12937 | Bailey   | Reached skill level 1 in Summonings
 13534 | Bailey   | Noticed a two-headed ogre
 13558 | Bailey   | Killed a two-headed ogre
 13920 | D:9      | Noticed Psyche
 13924 | D:9      | Killed Psyche
 13925 | D:9      | Reached skill level 5 in Spellcasting
 14105 | D:9      | Noticed a two-headed ogre
 14132 | D:9      | Killed a two-headed ogre
 14255 | D:9      | Noticed a two-headed ogre
 14267 | D:9      | Killed a two-headed ogre
 14299 | D:9      | Noticed a fire dragon
 14572 | D:9      | Noticed Gastronok
 14583 | D:9      | Killed Gastronok
 14584 | D:9      | Reached skill level 5 in Conjurations
 14838 | D:10     | Entered Level 10 of the Dungeon
 15053 | D:10     | Noticed a two-headed ogre
 15081 | D:10     | Killed a two-headed ogre
 15247 | D:10     | Reached XP level 12. HP: 87/87 MP: 11/21
 15249 | D:10     | Noticed Sonja
 15251 | D:10     | Killed Sonja
 15749 | D:10     | Paralysed by a hornet for 2 turns
 16285 | D:11     | Reached skill level 10 in Air Magic
 16299 | D:11     | Learned a level 5 spell: Arcjolt
 16302 | D:11     | Learned a level 2 spell: Blink
 16659 | D:11     | Reached skill level 10 in Fighting
 16696 | D:11     | Found a staircase to the Lair.
 17025 | D:11     | Slain by a gargoyle

Illustrated notes

Levels and vault maps discovered:
D:1:      eino_arrival_cavern_d, layout_loops_ring,
          chequers_serial_rivers_small_a
D:2:      layout_rooms, amcnicky_mini_rare_corridor_liquid, chequers_avenue,
          minmay_misc_feat_cross, grunt_decor_cap, uniq_jessica
D:3:      layout_rooms, gammafunk_temple_overflow_statue,
          cheibrodos_sewer_entry_drain
D:4:      layout_basic, mainiacjoe_overflow_boulevard, st_stairs_12
D:5:      kennysheep_steamy, layout_gridville, mainiacjoe_overflow_chevrons,
          kennysheep_mini, corner_web_ring, grunt_decor_one_mirror
D:6:      layout_basic, mainiacjoe_overflow_alcove_1,
          nicolae_wu_jian_immortal_techniques, minmay_temple_entry_hall,
          uniq_edmund, uniq_jeremiah
D:7:      nzn_winding_woodlands_stair_cross [nzn_winding_woodlands_5x15_garden,
          nzn_winding_woodlands_center_triple_pond,
          nzn_winding_woodlands_5x15_river_crossing,
          nzn_winding_woodlands_5x5_cross, nzn_winding_woodlands_hourglass,
          nzn_winding_woodlands_5x15_sidewinder,
          nzn_winding_woodlands_center_lodge,
          nzn_winding_woodlands_5x15_pathside_ponds], layout_cave_pods,
          uniq_maurice, uniq_menkaure
D:8:      layout_basic, lemuel_tele_altar, nicolae_overflow_hidden_temple,
          amethyst_overflow_temple_binary, grunt_ministairs_12,
          nicolae_stop_n_shop_1, worms_lemuel, uniq_pikel
D:9:      dragon1_lemuel, layout_rooms, mainiacjoe_overflow_surrounded_room,
          enter_bailey_5, uniq_gastronok, uniq_psyche
D:10:     layout_roguey, uniq_sonja
D:11:     layout_loops_cross, hellmonk_lair_entry_icy,
          ebering_ghost_reflecting_pool
Temple:   hellmonk_temple_micro_hex

Skill      XL: |  1  2  3  4  5  6  7  8  9 10 11 12 |
---------------+-------------------------------------+-----
Conjurations   | 2 3 4 5 6 |  6.0
Spellcasting   | 3 4 6 7 |  7.0
Air Magic      | 4 6 8 9 10 | 10.0
Stealth        | 5 7 10 | 10.0
Fighting       | 4 6 9 10 | 10.0
Dodging        | 3 5 7 9 |  9.2
Summonings     | 4 |  4.0

Action                     |  1- 3 |  4- 6 |  7- 9 | 10-12 || total
---------------------------+-------+-------+-------+-------++-------
  Melee: Constrict         |     1 |     6 |     9 |    26 ||    42
         Tentacles         |     1 |     4 |     5 |    21 ||    31
         Dagger            |     1 |       |       |       ||     1
         Great sword       |     1 |    23 |    30 |   131 ||   185
         Punch             |       |       |       |     1 ||     1
   Cast: Shock             |    53 |    88 |   163 |   152 ||   456
         Static Discharge  |     1 |    13 |     1 |    23 ||    38
         Airstrike         |       |       |    41 |    79 ||   120
         Swiftness         |       |       |       |     3 ||     3
         Summon Lightning  |       |       |       |    23 ||    23
         Vhi's Electric Ch |       |       |       |     2 ||     2
         Arcjolt           |       |       |       |     8 ||     8
    Use: Scroll            |     4 |     1 |     4 |    10 ||    19
         Potion            |       |       |       |     2 ||     2
   Stab: Sleeping          |       |     1 |       |     2 ||     3
         Distracted        |       |       |       |     2 ||     2
 Armour: Skin              |     3 |    32 |    22 |   152 ||   209
  Dodge: Dodged            |     4 |    25 |    27 |   192 ||   248
